 Dungeon Crawl Stone Soup version 0.29-a0-559-g359e09b9d1 (webtiles) character file.

Game seed: 15333120524460670487

51 xian the Slasher (level 3, -6/28 HPs)
             Began as a Demonspawn Gladiator on June 10, 2022.
             Killed by nerve-wracking pain
             ... invoked by an orc priest
              (14 damage)
             ... on level 3 of the Dungeon.
             The game lasted 00:04:08 (1552 turns).

xian the Slasher (Demonspawn Gladiator)             Turns: 1552, Time: 00:04:10

Health: -6/28      AC: 10    Str: 16    XL:     3   Next: 57%
Magic:  3/3        EV: 11    Int:  9    God:
Gold:   81         SH:  0    Dex: 14    Spells: 2/2 levels left

rFire   + . .      SeeInvis .   m - +5 dagger
rCold   x . .      Faith    +   (no shield)
rNeg    . . .      Spirit   .   f - +0 ring mail
rPois   .          Reflect  .   i - +2 helmet
rElec   .          Harm     .   h - +0 cloak
rCorr   .          Rampage  .   (no gloves)
Will    .....                   (no boots)
Stlth   +.........              k - amulet of faith
HPRegen 0.09/turn               b - ring of fire
MPRegen 0.08/turn               (no ring)

@: no status effects
A: rugged brown scales 1
a: no special abilities


You were on level 3 of the Dungeon.
You visited 1 branch of the dungeon, and saw 3 of its levels.

You collected 81 gold pieces.

Inventory:

Hand Weapons
 m - a +5 dagger (weapon)
Missiles
 d - 3 throwing nets
 e - a javelin
 j - 2 poisoned darts (quivered)
Armour
 f - a +0 ring mail (worn)
 h - a +0 cloak (worn)
 i - a +2 helmet (worn)
Jewellery
 b - a ring of fire (left hand)
 k - an amulet of faith (around neck)
 l - an amulet of magic regeneration
Potions
 a - a potion of lignification {unknown}
 g - 2 potions of might {unknown}


   Skills:
 + Level 2.4 Fighting
 + Level 0.2(2.0) Short Blades
 + Level 3.3 Long Blades
 + Level 2.0 Throwing
 + Level 3.1 Dodging


You had 2 spell levels left.
You didn't know any spells.
Your spell library contained the following spells:

 Spells                   Type           Power      Damage    Failure   Level
 Blink                    Tloc           0%         N/A       75%         2
 Manifold Assault         Tloc           0%         N/A       100%        5
 Storm Form               Tmut/Air       0%         N/A       100%        7


Dungeon Overview and Level Annotations

Branches:
Dungeon (3/15)

Altars:


Innate Abilities, Weirdness & Mutations

You are partially covered in rugged brown scales. (AC +1, +3% HP)


Message History

Things that are here:
a +0 flail; an orc corpse The orc shouts!
An orc comes into view. It is wielding a +0 whip.
You hit the orc priest but do no damage.
The orc priest hits you but does no damage.
You hit the orc priest.
The orc priest is lightly wounded.
The orc priest closely misses you.
You hit the orc priest but do no damage.
The orc priest is lightly wounded.
The orc priest hits you but does no damage.
The orc hits you with a +0 dagger.
You puncture the orc priest!
The orc priest is severely wounded.
The orc priest closely misses you. The orc barely misses you.
You hit the orc priest but do no damage.
The orc priest is severely wounded.
The orc barely misses you. x2
An adder comes into view.
The orc barely misses you. The orc priest hits you with a +0 club.
The orc hits you with a +0 dagger. The orc closely misses you.
The adder moves out of view.
You hit the orc.
The orc is heavily wounded.
The orc hits you but does no damage. x2; The orc priest barely misses you.
You hit the orc priest.
The orc priest is severely wounded.
The orc closely misses you. The orc completely misses you.
The orc priest calls down the wrath of Beogh upon you.
Beogh smites you!
* * * LOW HITPOINT WARNING * * *
The orc barely misses you.
You hit the orc priest.
The orc priest is almost dead.
The orc hits you but does no damage. x2
The orc priest mumbles some strange prayers to Beogh against you.
Pain shoots through your body!
Ouch! That really hurt!
You die...

<#.####....#.####...#
.....................
..####.#.##........#
#.#.###)#####.#
#.#.......#
#.#####+#.##
#...........
#.........#..
#..)@o....##.#
#...oo....# ...
#...o......+ ..
#........###
..>.......#
##....$....#
#.####...!.. ..
##.#### .. ..


You could see an orc priest and 3 orcs.

Vanquished Creatures
  An adder (D:2)
  3 worms
  An orc (D:3)
  2 endoplasms (D:1)
  A giant cockroach (D:1)
  2 goblins
  4 hobgoblins
  3 kobolds (D:1)
  A quokka (D:1)
  4 ball pythons
  4 bats
  2 frilled lizards
  3 rats
31 creatures vanquished.

Notes
Turn   | Place    | Note
-------+----------+-------------------------------------------
     0 | D:1      | xian the Demonspawn Gladiator began the quest for the Orb.
     0 | D:1      | Reached XP level 1. HP: 16/16 MP: 1/1
    88 | D:1      | Gained mutation: You are partially covered in rugged brown
                  | scales. (AC +1, +3% HP) [demonic ancestry]
    88 | D:1      | Reached XP level 2. HP: 10/22 MP: 2/2
   418 | D:1      | You fall into a shaft and drop 1 floor!
   783 | D:2      | Reached XP level 3. HP: 23/27 MP: 3/3
  1552 | D:3      | Killed from afar by an orc priest

Illustrated notes

Levels and vault maps discovered:
D:1:      amcnicky_arrival_feature_with_door, layout_loops_cross,
          shapermc_ecumenical_altar_notcrosses, minmay_misc_feat_encased
D:2:      layout_basic
D:3:      layout_basic, serial_shops, nicolae_shop_crystal,
          minmay_misc_feat_tiny

Skill      XL: |  1  2 |
---------------+-------+-----
Long Blades    | 3 |  3.3
Dodging        | 3 |  3.1
Throwing       | 2 |  2.0
Fighting       | |  2.4
Short Blades   | |  0.2

Action                   || total
-------------------------++-------
Melee: Long sword        ||    53
       Dagger            ||    44
  Use: Scroll            ||     4
Armor: Ring mail         ||    56
Dodge: Dodged            ||    83

Table legend: (Time is in decaauts)
 A = Elapsed time spent in this place.
 B = Non-inter-level travel time spent in this place.
 C = Inter-level travel time spent in this place.
 D = Time resting spent in this place.
 E = Time spent auto-exploring this place.
 F = Levels seen in this place.
 G = Mean time per level.
                   A        B        C        D        E       F      G
               +--------+--------+--------+--------+--------+-----+--------+
         Total |   1559 |   1537 |     22 |      0 |   1045 |   3 |  519.7 |
       Dungeon |   1559 |   1537 |     22 |      0 |   1045 |   3 |  519.7 |
               +--------+--------+--------+--------+--------+-----+--------+

Top non-repeatable levels by time:
     D:2: 1030 daAuts
     D:1: 424 daAuts
     D:3: 104 daAuts
